[Event "Nakhchivan Open 2022"]
[Site "Nakhchivan"]
[Date "2022.05.08"]
[Round "1.1"]
[White "Lorparizangeneh, Shahin"]
[Black "Mirzayev, Ughur"]
[Result "1-0"]
[ECO "C02"]
[WhiteElo "2502"]
[BlackElo "1309"]
[Annotator "TA"]
[PlyCount "41"]
[EventDate "2022.05.08"]
[EventType "swiss"]
[EventCountry "AZE"]
[SourceTitle "playchess.com"]
[Source "ChessBase"]
[SourceQuality "1"]
[TimeControl "5400+30"]

1. e4 e6 2. d4 d5 3. e5 c5 4. c3 Nc6 5. Nf3 Bd7 6. Bd3 Qb6 7. O-O cxd4 {[%emt 0:10:18] C02: French: Advance Variation.} 8. a3 Nh6 9. b4 {[%emt 0:00:57] 9.h3 is a critical line.} a6 {[%emt 0:04:03] The position is equal.} 10. Re1 Rc8 {[%emt 0:04:41] [#]} (10... g6 {keeps more tension.} 11. Nxd4 Nxd4 12. Be3 Nhf5) 11. Bb2 $146 (11. Nxd4 $14 Qc7 12. Bf4) ({Predecessor:} 11. Bd2 Be7 12. Ra2 O-O 13. cxd4 Nf5 14. Bc3 Na7 15. a4 Rxc3 16. Nxc3 Bxb4 17. Bxf5 Bxc3 18. Bxh7+ Kxh7 {1-0 (30) Hector,J (2539)-Ask,J (2159) Malmo 2012}) 11... dxc3 $11 12. Nxc3 Be7 13. Rc1 O-O 14. Na4 Qa7 15. Nc5 Bxc5 16. Rxc5 (16. bxc5 $16 {Strongly threatening Ng5.} Ne7 17. Ng5) 16... b5 $2 {[%emt 0:03:33] [#]} (16... Ne7 $11) 17. Qc2 (17. Ng5 $1 $18 ) 17... g6 (17... a5 $16 {was necessary.}) 18. Qd2 $18 Nf5 (18... Kg7 19. Bc1 Ng8) 19. Bxf5 {[%emt 0:00:30][%cal Od2h6] White threatens Qh6! and mate. White is clearly winning.} exf5 20. Qh6 {[%emt 0:00:23] White wants to mate with Ng5.} Be6 21. Ng5 {[%emt 0:00:07] Weighted Error Value: White=0.24 (precise) /Black=0.72} 1-0

[Event "Nakhchivan Open 2022"]
[Site "Nakhchivan"]
[Date "2022.05.08"]
[Round "1.2"]
[White "Gasimov, Said"]
[Black "Rasulov, Vugar"]
[Result "0-1"]
[ECO "C02"]
[WhiteElo "1281"]
[BlackElo "2445"]
[Annotator "TA"]
[PlyCount "40"]
[EventDate "2022.05.08"]
[EventType "swiss"]
[EventCountry "AZE"]
[SourceTitle "playchess.com"]
[Source "ChessBase"]
[SourceQuality "1"]
[TimeControl "5400+30"]

1. e4 e6 2. d4 d5 3. e5 c5 4. c3 Nc6 5. Nf3 Qb6 6. Bd3 Bd7 7. Bc2 cxd4 8. cxd4 Nb4 9. Nc3 Nxc2+ 10. Qxc2 Qa6 {[%emt 0:01:01] [#] C02: French: Advance Variation.} 11. Bf4 $146 (11. Qe2 $15 {might be stronger.}) ({Predecessor:} 11. Qe2 Qxe2+ 12. Kxe2 Bb4 13. Bd2 Rc8 14. Rhc1 {½-½ (14) Soos,A (2381)-Csizmadia,L (2334) Hungary 2013}) 11... Rc8 (11... Bb4 $17) 12. Rc1 Bb4 {[%emt 0:00:15] Black is slightly better.} 13. Qb3 Ba5 {[%emt 0:00:09] Black is more active.} 14. Qa3 Ne7 {[%emt 0:00:40][%cal Bg8e7,Be7c6,Bc6d4][%mdl 32] Strongly threatening ...Nc6.} 15. Bg5 {[%emt 0:01:19] [#]} (15. Bd2 $17 {was called for.}) 15... Nc6 $1 $19 {[%emt 0:03:58] Threatens to win with ...h6.} 16. Nd2 (16. Kd1 {was necessary.} Nb4 17. Ne1) 16... h6 17. Bh4 (17. Be3 Nb4 18. Nb3 Rxc3 19. bxc3 Nc2+ 20. Rxc2 Bxc3+ 21. Rxc3 Qxa3 22. O-O) 17... g5 18. Bg3 Nxd4 {[%emt 0:00:09][%cal Oc8c3] ( -> ...Rxc3!)} 19. h4 {[#]} Rxc3 $1 20. bxc3 (20. Qe7+ Kxe7) 20... Qe2# {Black took control after the opening.  Weighted Error Value: White=1.06/Black=0.11 (very precise)} 0-1

[Event "Nakhchivan Open 2022"]
[Site "Nakhchivan"]
[Date "2022.05.08"]
[Round "1.3"]
[White "Haznedaroglu, Kivanc"]
[Black "Ibrahimbayli, Almara"]
[Result "1-0"]
[ECO "A25"]
[WhiteElo "2425"]
[BlackElo "1280"]
[Annotator "TA"]
[PlyCount "53"]
[EventDate "2022.05.08"]
[EventType "swiss"]
[EventCountry "AZE"]
[SourceTitle "playchess.com"]
[Source "ChessBase"]
[SourceQuality "1"]
[TimeControl "5400+30"]

1. c4 e5 2. Nc3 Nc6 3. g3 Nf6 4. Bg2 Bc5 5. e3 Ne7 (5... d5 $11 {remains equal.}) 6. d4 {[%emt 0:02:00] A25: English Opening vs King's Indian with ...Nc6 but without early d3.} exd4 7. exd4 Bb4 8. Bg5 {[%emt 0:00:19] [#] White is better.} Bxc3+ $146 ({Predecessor:} 8... Ng6 9. Nge2 h6 10. Bxf6 Qxf6 11. O-O c6 12. Ne4 Qe7 13. c5 O-O 14. Nd6 Ba5 {1-0 (46) Mort,A (1922)-Busznyak,A (1622) England 2020}) 9. bxc3 Ng6 10. Qe2+ Qe7 11. Bxf6 (11. Kd2 {looks sharper.} d6 12. h4 h5 13. Re1) 11... gxf6 12. h4 Qxe2+ 13. Nxe2 d6 14. h5 Ne7 15. Kd2 c6 16. Nf4 Bd7 17. Rhe1 Kd8 18. Rab1 Rb8 19. Nd3 {[%emt 0:01:31] White is much more active. The black rooks are badly placed.} Re8 20. c5 d5 21. Nf4 Kc7 22. Bf1 Ng8 (22... Nf5 $14) 23. c4 $36 {[%emt 0:00:25][%mdl 2048] White is in control.} Be6 (23... Rxe1 $16 24. Rxe1 dxc4) 24. cxd5 $18 cxd5 (24... Bxd5 $16 25. Nxd5+ cxd5) 25. Re3 Nh6 26. Bd3 {[%emt 0:00:28] Hoping for Rbe1.} Nf5 27. Bxf5 {[%emt 0:02:17] Weighted Error Value: White=0.13 (very precise) /Black=0.28 (precise)} 1-0

[Event "Nakhchivan Open 2022"]
[Site "Nakhchivan"]
[Date "2022.05.08"]
[Round "1.4"]
[White "Mammadov, Bilal"]
[Black "Mammadov, Zaur"]
[Result "0-1"]
[ECO "D20"]
[WhiteElo "1280"]
[BlackElo "2410"]
[Annotator "TA"]
[PlyCount "44"]
[EventDate "2022.05.08"]
[EventType "swiss"]
[EventCountry "AZE"]
[SourceTitle "playchess.com"]
[Source "ChessBase"]
[SourceQuality "1"]
[TimeControl "5400+30"]

1. d4 d5 2. c4 dxc4 3. Nc3 e6 4. e4 c5 5. Nf3 a6 6. a4 {[%emt 0:00:37] Against b5. D20: Queen's Gambit Accepted: 3 e3 and 3 e4.} (6. Bg5 {with more complications.} Qc7 7. Bxc4 cxd4 8. Qxd4 h6 9. Bh4) 6... cxd4 7. Nxd4 {[%emt 0:00:34] [#]} Bd6 $146 ({Predecessor:} 7... e5 8. Nf3 Qxd1+ 9. Nxd1 Nf6 10. Nxe5 Nxe4 11. Bxc4 Bb4+ 12. Kf1 O-O 13. f3 Nd6 {0-1 (60) Tokarz,K (1637)-Marczak,S (1709) Iwonicz 2016}) 8. Bxc4 {[%emt 0:01:30] The position is equal.} Nf6 9. h3 O-O 10. a5 Bb4 11. O-O Bxa5 12. Re1 (12. e5 $1 $11 Bb6 13. Nf3 (13. exf6 Qxd4 14. fxg7 Qxg7 $11)) 12... e5 (12... b5 $5 13. Bb3 e5 $15) 13. Rxa5 $2 {[%emt 0:01:51] [#] This costs White the game.} Qxa5 $19 (13... exd4 14. e5 Nc6 15. exf6 Qxa5 16. Nd5 $11) 14. Nb3 (14. Nf3 $142) 14... Qb4 15. Bd5 Be6 16. Bxe6 fxe6 17. Be3 Nbd7 {[%emt 0:00:36][%cal Bb8d7,Bd7b6,Bb6c4,Bc4b2][%mdl 32] Inhibits Bc5.} ({And not} 17... Nxe4 18. Nxe4 Qxe4 19. Bc5 $11) 18. Qc2 Rac8 19. Nd2 Nb6 20. Rd1 Nc4 21. Qb3 {[%emt 0:04:56] [#]} (21. Nxc4 Qxc4 22. Rd6) 21... Qxb3 22. Nxb3 Nxb2 {[%emt 0:00:09] Weighted Error Value: White=0.65/Black=0.12 (very precise)} 0-1

[Event "Nakhchivan Open 2022"]
[Site "Nakhchivan"]
[Date "2022.05.08"]
[Round "1.5"]
[White "Shahaliyev, Ismayil"]
[Black "Salifli, Mirmehdi"]
[Result "1-0"]
[ECO "E40"]
[WhiteElo "2386"]
[BlackElo "1271"]
[Annotator "TA"]
[PlyCount "65"]
[EventDate "2022.05.08"]
[EventType "swiss"]
[EventCountry "AZE"]
[SourceTitle "playchess.com"]
[Source "ChessBase"]
[SourceQuality "1"]
[TimeControl "5400+30"]

1. d4 Nf6 2. c4 e6 3. Nc3 Bb4 4. e3 d5 5. a3 Be7 6. Nf3 O-O 7. Bd3 {[%emt 0:01:32] is the legacy move (7.b4).} b6 {[%emt 0:00:45] E51: Nimzo-Indian: Rubinstein: 4...0-0 5 Nf3 d5.} 8. cxd5 $1 {[%emt 0:04:05][%mdl 4] is recently more successful than 8.0-0.} exd5 9. b4 Bb7 {[%emt 0:02:45] The position is equal.} 10. Qc2 Nbd7 11. Rb1 {[%emt 0:02:08] [#]} h6 $146 ({Predecessor:} 11... a6 12. a4 Bd6 13. O-O Qe7 14. b5 a5 15. Qa2 Rad8 16. Bb2 Rfe8 17. Bc2 Nf8 {1-0 (42) Zaiatz,E (2350)-Nieminen,K (2230) Helsinki 1992}) 12. O-O Re8 13. Nb5 ({Better is} 13. Ne5 $1 $14) 13... c6 $11 14. Nc3 a6 15. Nh4 Ne4 {[%emt 0:04:05] [#] And now ...Nxc3 would win.} 16. Nf5 Ndf6 17. Nxe4 dxe4 18. Bxe4 Nxe4 19. Qxe4 Qd7 $2 {[%emt 0:00:22][%mdl 8192] A mistake that costs the game.} (19... Bf8 $14 20. Qf3 Qd5) 20. Qg4 $1 $18 {[%emt 0:00:19][%csl Gf5,LRg7,LRh6][%cal Rg4g7] [#]} Qxf5 21. Qxf5 Bf6 22. Bb2 c5 23. d5 Bc8 24. Qd3 Bxb2 25. Rxb2 a5 26. bxc5 Ba6 27. Qc3 Bxf1 28. Kxf1 bxc5 29. Qxc5 Rec8 30. Qd4 a4 31. Rb7 Rc2 32. d6 Rac8 33. d7 {[%emt 0:00:09] Weighted Error Value: White=0.12 (very precise) /Black=0.26 (precise)} 1-0

[Event "Nakhchivan Open 2022"]
[Site "Nakhchivan"]
[Date "2022.05.08"]
[Round "1.6"]
[White "Abdullayev, Novruzali"]
[Black "Gasimov, Parviz"]
[Result "0-1"]
[ECO "B34"]
[WhiteElo "1268"]
[BlackElo "2331"]
[Annotator "TA"]
[PlyCount "58"]
[EventDate "2022.05.08"]
[EventType "swiss"]
[EventCountry "AZE"]
[SourceTitle "playchess.com"]
[Source "ChessBase"]
[SourceQuality "1"]
[TimeControl "5400+30"]

1. e4 c5 2. Nf3 Nc6 3. d4 cxd4 4. Nxd4 g6 5. Nxc6 bxc6 6. c3 {[%emt 0:00:47] B34: Sicilian: Accelerated Dragon with 5 Nc3: sidelines.} Bg7 7. Be3 Nf6 8. Nd2 {[%emt 0:01:07] Black is slightly better.} O-O 9. Bd3 d5 10. e5 ({Better is} 10. O-O $15) 10... Ng4 $17 11. Nf3 {[%emt 0:02:08] [#]} Nxe3 $146 ({Inferior is} 11... Nxe5 12. Nxe5 Bxe5 13. O-O $17) ({Predecessor:} 11... Nxe5 12. Nxe5 Bxe5 13. f4 Bg7 14. Bc5 Re8 15. O-O e5 16. fxe5 Bxe5 17. Re1 Qg5 18. Be3 Bxh2+ 19. Kxh2 Rxe3 20. Qa4 Qg3+ 21. Kg1 Rxe1+ 22. Rxe1 Qxe1+ {0-1 (22) Palma Moscoso,A (2007)-Guerra,J Cuenca 2006}) 12. fxe3 Qc7 13. O-O Bxe5 14. Nxe5 Qxe5 15. Qd2 Be6 16. Rae1 f5 17. e4 $2 {[%emt 0:02:54] [#] Now White is beyond hope.} (17. b3 $17 {was worth a try.}) 17... dxe4 $19 ({Don't go for} 17... fxe4 $2 18. Bc2 $19) 18. Qh6 Qc5+ 19. Kh1 Bxa2 20. Rf4 (20. Bc2 $142) 20... exd3 21. b4 Qxc3 22. Ref1 Qg7 23. Qh3 e5 24. Rh4 Rad8 25. Qe3 e4 {[%emt 0:00:02] [#] ...d2 is the strong threat.} 26. Qd2 Bf7 27. Rh3 Rfe8 28. Rf4 e3 29. Qe1 d2 {[%emt 0:00:02] Weighted Error Value: White=1.21/Black=0.41} 0-1

[Event "Nakhchivan Open 2022"]
[Site "Nakhchivan"]
[Date "2022.05.09"]
[Round "2.2"]
[White "Rasulov, Vugar"]
[Black "Rustamov, Rustam"]
[Result "1-0"]
[ECO "E20"]
[WhiteElo "2445"]
[BlackElo "1585"]
[Annotator "TA"]
[PlyCount "109"]
[EventDate "2022.05.08"]
[EventType "swiss"]
[EventCountry "AZE"]
[SourceTitle "playchess.com"]
[Source "ChessBase"]
[SourceQuality "1"]
[TimeControl "5400+30"]

1. d4 Nf6 2. c4 e6 3. Nc3 Bb4 4. Bd2 O-O 5. Nf3 b6 6. e3 Bb7 7. Be2 d6 8. O-O Nbd7 9. Rc1 Bxc3 10. Bxc3 Ne4 11. Be1 {[%emt 0:01:33] [#] E21: Nimzo-Indian: 4 Nf3.} a5 $146 ({Predecessor:} 11... f5 12. Nd2 Nxd2 13. Bxd2 a5 14. Bf3 Bxf3 15. Qxf3 Nf6 16. Qe2 Qe7 17. Rfd1 e5 18. dxe5 Qxe5 19. Bc3 Qe6 20. Bxf6 Rxf6 {½-½ (58) Durak,C (2244)-Istratescu,A (2553) Tornelo INT 2021}) 12. Nd2 Nxd2 13. Qxd2 {White has an edge.} Qe7 14. f3 f5 15. Bf2 e5 16. a3 c5 17. b4 axb4 18. axb4 cxb4 19. Rb1 e4 20. f4 d5 21. Rfc1 dxc4 ({Don't do} 21... Ra4 22. Bd1 Raa8 23. Rxb4 $14) (21... Rfc8 $11) 22. Rxc4 (22. Bxc4+ $16 Kh8 23. Qxb4 Qxb4 24. Rxb4) 22... Bd5 (22... Ba6 $5 ) 23. Rcxb4 Ra2 24. R4b2 Rxb2 25. Qxb2 Ra8 26. Bf1 Rc8 27. h3 h6 28. Bb5 Kh7 29. Qd2 Rc7 30. Be2 (30. Bxd7 $5 Rxd7 31. Rxb6 $16) 30... Ra7 31. Qc3 Ra2 32. Bb5 {[%emt 0:02:37] [#] And now Qc7 would win.} Nf8 33. Bf1 Qd6 34. Be1 Nd7 35. Rb5 Qc6 36. Qxc6 Bxc6 37. Rb1 Bd5 {[%emt 0:00:35] Against Bc4} 38. Bb5 Nf6 39. Bh4 Ra7 (39... Kg6 $11) 40. Bxf6 $14 gxf6 {[%emt 0:00:04][%mdl 4096] Endgame KRB-KRB} 41. Rb2 Ra2 $2 (41... Kg6 $14) 42. Rxa2 $18 Bxa2 {[%emt 0:00:05] KB-KB} 43. Kf2 Kg7 {[%emt 0:00:25] [#]} 44. Ke1 $2 (44. Bd7 $1 $18) 44... Kf7 $14 45. Bd7 Kg6 (45... Be6 $14 46. Bb5 Ke7) 46. Kd2 $18 Bc4 47. g3 Bf1 48. h4 {[%emt 0:00:03] Black must now prevent d5.} Bh3 (48... Kf7 $142 49. Bxf5 Bg2) 49. d5 Kf7 50. d6 Bf1 51. Bxf5 Bd3 52. Kc3 {[%emt 0:00:09] Threatens to win with g4.} b5 53. Kb4 {[%emt 0:00:07] Hoping for g4.} h5 54. Kc5 Ke8 55. Bg6+ {[%emt 0:00:14] Weighted Error Value: White=0.22 (precise) /Black=0.59} 1-0

[Event "Nakhchivan Open 2022"]
[Site "Nakhchivan"]
[Date "2022.05.09"]
[Round "2.3"]
[White "Babayev, Zaur"]
[Black "Haznedaroglu, Kivanc"]
[Result "0-1"]
[ECO "B48"]
[WhiteElo "1565"]
[BlackElo "2425"]
[Annotator "TA"]
[PlyCount "163"]
[EventDate "2022.05.08"]
[EventType "swiss"]
[EventCountry "AZE"]
[SourceTitle "playchess.com"]
[Source "ChessBase"]
[SourceQuality "1"]
[TimeControl "5400+30"]

1. e4 c5 2. Nf3 e6 3. d4 cxd4 4. Nxd4 Nc6 5. Nc3 Qc7 6. Be3 a6 7. a3 b5 8. Be2 Bb7 {[%emt 0:03:26] B48: Sicilian: Taimanov: 5 Nc3 Qc7 6 Be3 a6 without Be2.} 9. f4 b4 10. axb4 Bxb4 {[%emt 0:00:30] White is slightly better.} 11. O-O Bxc3 12. bxc3 Nf6 13. Bf3 Ne7 (13... Na5 $11) 14. Qd3 $14 O-O {[%emt 0:00:30] [#]} 15. c4 $146 ({Predecessor:} 15. Rfb1 Rab8 16. c4 d6 17. Ne2 Nd7 18. Rd1 Nc8 19. e5 Bxf3 20. gxf3 Rb4 21. exd6 Qxc4 22. Rxa6 Qxd3 23. Rxd3 {½-½ (60) Rabatin,J (2136)-Braun,M (2098) Kouty nad Desnou 2010}) 15... e5 16. Ne2 (16. fxe5 {keeps more tension.} Qxe5 17. Bd2 Bxe4 18. Rfe1) 16... d6 17. Rfd1 (17. fxe5 $16 dxe5 18. Nc3) 17... Ng6 18. f5 $1 (18. Qxd6 Qxd6 19. Rxd6 Bxe4 $11) 18... Nh4 19. Nc3 (19. Qxd6 Qxd6 20. Rxd6 Bxe4 21. Bxe4 Nxe4 $15) 19... Nxf3+ 20. gxf3 Rfc8 21. Na4 (21. Qxd6 Qxd6 22. Rxd6 Rxc4 $11) 21... Rab8 22. Ba7 (22. Qxd6 {seems wilder.} Qxc4 23. Ba7 Nxe4 24. Qd3) 22... Ra8 23. Be3 ({White must play} 23. Bf2 $1 $16) 23... Re8 (23... Rab8 $1 $11) 24. Qxd6 (24. Bg5 $1 $16 ) 24... Qxc4 25. Qd3 {[%emt 0:05:23] Prevents Qe2.} Qc7 26. Rab1 (26. Qb3 {is interesting.} Nxe4 27. fxe4 Bxe4 28. Nb6) 26... Nh5 27. Nc5 Bc8 (27... Rad8 $14 {feels stronger.} 28. Qb3 (28. Rxb7 Rxd3 29. cxd3 Qa5 $17) 28... Rxd1+ 29. Rxd1 Bc8) 28. Qd6 $16 Qxd6 29. Rxd6 g6 30. f6 a5 31. Na4 {[%emt 0:00:59] aiming for Nb6.} (31. Ra1 $5 ) 31... Be6 $1 32. Nb6 $36 {[%emt 0:00:32][%mdl 2048] Black is under pressure.} Ra6 33. c4 Nxf6 {[%emt 0:00:29] [#]} ({Black should play} 33... a4 $14) 34. c5 ({White should try} 34. Nd7 $1 $16 Rxd6 (34... Nxd7 35. Rxa6) 35. Nxf6+ Kf8 36. Rb7 Rd1+ 37. Kf2) 34... a4 $2 {[%emt 0:00:22] [#]} (34... Rb8 $14) 35. Nd7 $1 $18 {[%emt 0:00:41][%mdl 576] Discovered Attack} Nxd7 36. Rxa6 Rc8 37. Rc1 {[%emt 0:00:50] c6 is the strong threat.} ({Much less strong is} 37. Rxa4 Nxc5 38. Ra3 Nd7) 37... Bb3 (37... Nb8 {was necessary.} 38. Rxa4 Nc6) 38. c6 Nf8 39. c7 {[%emt 0:00:41] Threatens to win with Bh6.} Ne6 40. Bb6 Kf8 41. Ra7 Ke7 42. Rb7 Kd7 43. Rc3 Nd4 {[%emt 0:03:59] Hoping for ...Ne2+.} 44. Rd3 $2 (44. Kf2 $18) 44... Bc4 $1 $11 45. Rd1 Bb3 $1 46. Rd2 Kc6 47. Rb8 $2 (47. Bxd4 $11 {and White stays safe.} exd4 48. Rb4) 47... Rxc7 $2 (47... Nxf3+ $19 48. Kg2 Nxd2) 48. Bxd4 exd4 49. Rxd4 $19 {[%emt 0:00:05][%mdl 4096] Endgame KRR-KRB} Kc5 50. Rdb4 Bc2 51. R8b5+ Kd6 52. Kf2 Rc3 53. Ra5 h5 (53... Bb3 $11 {was preferrable.}) 54. Rb6+ Ke7 (54... Kc7 $11 {remains equal.} 55. Rb4 Bb3) 55. Ra7+ $16 Kf8 56. e5 Bb3 57. Rf6 ({Better is} 57. Rb8+ $16 Kg7 58. h4) 57... h4 $14 58. h3 Rc2+ 59. Kg1 Rc5 60. f4 Rc3 61. Ra8+ (61. Rb6 $5 Rc8 62. Rb4 $14) 61... Kg7 62. Kh2 Rf3 63. Ra5 Re3 64. Rd6 Re4 65. Rf6 Be6 66. Ra7 {[%emt 0:00:19] And now Rxe6 would win.} Bd5 67. Ra5 Re2+ 68. Kg1 Bb3 69. Ra7 Re3 70. Kh2 Rf3 71. Ra5 Rf2+ 72. Kg1 Ra2 73. Ra7 Ra1+ 74. Kf2 {[%emt 0:01:22] Strongly threatening Rb6.} Rh1 75. Rd6 {[%emt 0:00:14] Black must now prevent e6.} Rh2+ $1 76. Kg1 Rxh3 $2 {[%emt 0:00:19][%mdl 8192] [#]} (76... Re2 $11) 77. e6 $1 $18 Re3 78. e7 (78. exf7 $142 {[%cal Od6g6] Threatening mate with Rxg6+!} Bxf7 79. Rdd7) 78... Bc4 79. Rd8 Bb5 {[%emt 0:00:01] Inhibits e8Q.} 80. Rb8 Re1+ $2 (80... Bc6 81. Rc7 a3) 81. Kf2 h3 82. Rxb5 {[%mdl 32768] Weighted Error Value: White=0.34/Black=0.34. Loss on time!?} ({Inferior is} 82. Kxe1 h2 83. Rxb5 (83. e8=N+ $2 Bxe8 84. Rxe8 h1=Q+ 85. Kf2 Qh2+ 86. Kf3 Qh3+ 87. Kf2 Qh2+ 88. Kf3 Qh1+ 89. Kf2 Qh2+ $19) 83... h1=Q+ 84. Kf2 Qe4 $11) 0-1

[Event "Nakhchivan Open 2022"]
[Site "Nakhchivan"]
[Date "2022.05.09"]
[Round "2.4"]
[White "Mammadov, Zaur"]
[Black "Gabulov, Ilkin"]
[Result "1-0"]
[ECO "B10"]
[WhiteElo "2410"]
[BlackElo "1573"]
[Annotator "TA"]
[PlyCount "54"]
[EventDate "2022.05.08"]
[EventType "swiss"]
[EventCountry "AZE"]
[SourceTitle "playchess.com"]
[Source "ChessBase"]
[SourceQuality "1"]
[TimeControl "5400+30"]

1. e4 c6 2. c4 d5 3. exd5 cxd5 4. cxd5 Nf6 5. Nc3 g6 6. Bc4 Bg7 7. Nge2 O-O {[%emt 0:00:30] B10: Caro-Kann: 2 d3 and 2 c4.} 8. O-O Nbd7 (8... Na6 $11 {was preferrable.}) 9. d3 $16 Nb6 {[%emt 0:05:45] White is slightly better.} 10. Qb3 Nfd7 {[%emt 0:11:39] [#]} (10... Bd7 $14 {might be stronger.}) 11. Be3 $146 {[%emt 0:09:55] White is more active.} ({Predecessor:} 11. Bf4 Nc5 12. Qa3 Ncd7 13. Qb3 h6 14. h3 Kh7 15. d6 e5 16. Bh2 Nc5 17. Qa3 {1-0 (43) Steenbekkers,F (2164)-Zia,T (2071) Chess.com INT 2020}) 11... Nxc4 (11... Ne5 $16 {might work better.}) 12. dxc4 $18 (12. Qxc4 Re8 $11) 12... b6 13. a4 (13. Bd4 $18) 13... a5 (13... Ne5 $16 {was necessary.}) 14. Rfd1 Be5 15. Nb5 Ba6 16. Ned4 {[%emt 0:00:30][%cal Be2d4,Bd4c6,Bc6e5,Be5d7,Bd7f6][%mdl 32] Pair of Knights!} Nc5 17. Qa3 {[%emt 0:00:01] [#] Black must now prevent Nc6.} Bxb5 18. axb5 (18. Nxb5 Bg7 19. Bxc5 bxc5) 18... Qc7 19. g3 {[%emt 0:03:34] Strongly threatening Nc6.} a4 20. Nc6 Nb3 (20... Bd6 21. Qc3 Rfe8) 21. Qxe7 {[%emt 0:05:14] White is clearly winning.} Nxa1 22. Qxe5 Qxe5 23. Nxe5 Rfe8 24. Nd7 a3 25. Nf6+ ({But not} 25. Rxa1 $2 axb2 26. Nf6+ Kh8 $19) 25... Kf8 26. bxa3 ({Not} 26. Rxa1 $2 axb2 27. Nxh7+ (27. Re1 $2 Rxe3 28. Nd7+ Kg7 $19) 27... Kg8 28. Nf6+ Kh8 $19) 26... Rxa3 (26... Rxe3 $142 27. fxe3 Ke7 28. Nxh7 Nc2 29. d6+ Kd8) 27. d6 {[%emt 0:00:17][%cal Re3h6] [#]} Raxe3 {[%emt 0:00:33] Weighted Error Value: White=0.24 (precise) /Black=0.52} 1-0

[Event "Nakhchivan Open 2022"]
[Site "Nakhchivan"]
[Date "2022.05.09"]
[Round "2.5"]
[White "Hamidov, Allahverdi"]
[Black "Shahaliyev, Ismayil"]
[Result "0-1"]
[ECO "D30"]
[WhiteElo "1556"]
[BlackElo "2386"]
[Annotator "TA"]
[PlyCount "58"]
[EventDate "2022.05.08"]
[EventType "swiss"]
[EventCountry "AZE"]
[SourceTitle "playchess.com"]
[Source "ChessBase"]
[SourceQuality "1"]
[TimeControl "5400+30"]

1. d4 d5 2. c4 e6 3. cxd5 exd5 4. Nc3 Be7 5. Nf3 Nf6 6. Bg5 c6 7. Qc2 g6 8. e3 Bf5 9. Bd3 Bxd3 10. Qxd3 Nbd7 11. O-O O-O 12. Rab1 a5 13. a3 Re8 14. Qc2 Ra6 {[%emt 0:11:53] D36: Queen's Gambit Declined: Exchange Variation: Main line (5 Bg5 c6 6 Qc2).} 15. b4 b5 16. Bxf6 Nxf6 {[%emt 0:05:50] The position is equal.} 17. Ne5 axb4 18. axb4 {[%emt 0:00:17] [#]} Bd6 $146 ({Predecessor:} 18... Nd7 19. Nd3 Nb6 20. Ra1 Qa8 21. Rxa6 Qxa6 22. e4 dxe4 23. Nxe4 Nd5 24. g3 Kg7 {0-1 (44) Arias,L (2267)-Kanep,M (2509) Turin 2006}) 19. Nd3 Qa8 20. Nc5 Bxc5 21. bxc5 Ra3 22. Rb3 Qa5 23. Rxa3 Qxa3 24. Ne2 Ra8 {[%emt 0:08:21] White must now prevent ...b4.} 25. Nf4 $2 (25. Rb1 $11) 25... b4 $1 $19 {[%emt 0:05:03][%cal Bb5b4,Bb4b3][%mdl 32] Hoping for ...b3.} 26. Rb1 {[%emt 0:09:25] [#] Against b3} (26. Nd3 {keeps fighting.}) 26... Ne4 $2 (26... b3 $1 $19 27. Qd1 Ne4) 27. Ne2 $2 {[%emt 0:02:46][%mdl 8192] [#]} (27. h4 $11) 27... b3 $1 {[%emt 0:04:18] Black is clearly winning.} 28. Qd3 b2 29. Qc2 Qa1 {[%emt 0:00:40] Weighted Error Value: White=0.88/Black=0.39} 0-1

[Event "Nakhchivan Open 2022"]
[Site "Nakhchivan"]
[Date "2022.05.09"]
[Round "2.6"]
[White "Gasimov, Parviz"]
[Black "Mehtizada, Murad"]
[Result "1-0"]
[ECO "B01"]
[WhiteElo "2331"]
[BlackElo "1564"]
[Annotator "TA"]
[PlyCount "59"]
[EventDate "2022.05.08"]
[EventType "swiss"]
[EventCountry "AZE"]
[SourceTitle "playchess.com"]
[Source "ChessBase"]
[SourceQuality "1"]
[TimeControl "5400+30"]

1. e4 d5 2. exd5 Nf6 3. d4 Bg4 4. Nf3 Qxd5 5. Be2 e6 6. O-O Nc6 7. h3 {[%emt 0:13:01] [#] Threatens to win with Nc3. B01: Scandinavian Defence.} Bh5 8. Be3 Be7 9. Nbd2 {[%emt 0:10:46] White is slightly better.} O-O 10. c4 Qd8 11. Qb3 {[#]} Bxf3 $146 ({Predecessor:} 11... Rb8 12. Rfd1 Na5 13. Qc3 b6 14. b4 Nb7 15. g4 Bg6 16. Ne5 Qe8 17. Bf3 Nd8 {1-0 (24) Strobel,W (2189)-Alvarez,L (1849) Buesum 2017}) 12. Nxf3 {[%emt 0:03:49] White leaves nothing to chance now.} ({Don't play} 12. Bxf3 Nxd4 13. Qxb7 Qd6 $11) 12... a5 (12... Qc8 $142) 13. a3 ({White should try} 13. Qxb7 Nb4 14. Ne5) 13... a4 14. Qxb7 Qd7 15. Ne5 Nxe5 16. dxe5 Rfb8 17. Qf3 $18 Ne8 18. Rfd1 Qc8 19. Rd2 f6 (19... c5 $142 20. Qe4 Ra7) 20. Rad1 fxe5 $2 (20... c6 21. exf6 Nxf6) 21. Rd7 {[%emt 0:00:13] White is clearly winning.} Bf6 22. Qg4 {[%emt 0:04:41] Bg5 is the strong threat.} (22. Qh5 Nd6 23. R1xd6 cxd6 24. Rxd6 Ra6 25. Rxa6 Qxa6 $14) 22... Rxb2 23. c5 (23. Bg5 $142 {Intending Bxf6 and mate.} h5 24. Qxe6+ Kh8 {[#]} 25. Qf7 $1) 23... Rxe2 24. Qxe2 Nd6 25. c6 ({Stronger than} 25. cxd6 Qxd7 26. dxc7 Qxc7 $11) 25... Rb8 26. Bc5 Nf5 27. Qc4 Qe8 28. Rxc7 Nd4 29. Bxd4 {[%emt 0:00:49] Strongly threatening Bc3.} exd4 30. Re1 {[%emt 0:00:06] Weighted Error Value: White=0.36/Black=0.27 (precise)} 1-0